 Dungeon Crawl Stone Soup version 0.26.1-11-gd32895ea62 (webtiles) character file.

Game seed: 12061997892778967504

648 Zeld the Chucker (level 7, -2/47 HPs)
             Began as an Octopode Fighter on May 11, 2021.
             Was a Follower of Okawaru.
             Slain by an ogre
             ... wielding a +0 giant spiked club
              (26 damage)
             ... on level 5 of the Dungeon.
             The game lasted 00:07:43 (5325 turns).

Zeld the Chucker (Octopode Fighter)                 Turns: 5325, Time: 00:07:43

Health: -2/47      AC:  3    Str: 17    XL:     7   Next: 53%
Magic:  13/13      EV: 12    Int: 10    God:    Okawaru [*.....]
Gold:   49         SH: 10    Dex: 12    Spells: 14/14 levels left

rFire    + . .     SeeInvis .   a - +3 war axe
rCold    . . .     Faith    .   b - +1 kite shield
rNeg     . . .     Spirit   .   c - +2 hat
rPois    .         Reflect  .   (no amulet)
rElec    .         Harm     .   x - ring of wizardry
rCorr    .         Rampage  .   o - ring of protection from fire
Will     .....                  (no ring)
Stlth    ++........             (no ring)
HPRegen  0.15/turn              (no ring)
MPRegen  0.13/turn              (no ring)
                                (no ring)
                                (no ring)

@: no status effects
A: almost no armour, stealthy swim, amphibious, 8 rings, constrict 8, camouflage
1, gelatinous body 1
a: Renounce Religion, Heroism


You were on level 5 of the Dungeon.
You worshipped Okawaru.
Okawaru was aware of your devotion.
You visited 1 branch of the dungeon, and saw 5 of its levels.

You collected 243 gold pieces.
You spent 194 gold pieces at shops.

Inventory:

Hand Weapons
 a - a +3 war axe (weapon)
Missiles
 l - 13 poisoned darts (quivered)
 m - 9 boomerangs
Armour
 b - a +1 kite shield (worn)
 c - a +2 hat (worn)
Jewellery
 o - a ring of protection from fire (right tentacle)
 x - a ring of wizardry (left tentacle)
Scrolls
 g - 2 scrolls of fear
 i - 3 scrolls of remove curse
 s - a scroll of teleportation {unknown}
 u - a scroll of random uselessness {unknown}
Potions
 d - a potion of degeneration {unknown}
 e - 4 potions of curing {unknown}
 j - 3 potions of lignification {unknown}
 k - 2 potions of ambrosia {unknown}
 n - a potion of attraction {unknown}
 p - a potion of berserk rage {unknown}
 q - 2 potions of cancellation {unknown}
 r - 2 potions of heal wounds {unknown}
 t - a potion of haste {unknown}
 v - 2 potions of invisibility {unknown}


   Skills:
 - Level 3.7 Fighting
 - Level 2.8 Axes
 * Level 4.7 Throwing
 - Level 3.0 Dodging
 - Level 3.6 Shields
 * Level 4.2 Spellcasting


You had 14 spell levels left.
You didn't know any spells.
Your spell library contained the following spells:

 Spells                   Type           Power        Failure   Level
 Irradiate                Conj/Tmut      1%           100%        5
 Hydra Form               Tmut           1%           100%        6
 Statue Form              Tmut/Erth      1%           100%        6
 Dragon Form              Tmut           1%           100%        7


Dungeon Overview and Level Annotations

Branches:
Dungeon (5/15)
 Temple: D:4-7

Altars:
Dithmenos
Nemelex Xobeh
Okawaru
Sif Muna
The Shining One

Shops:
D:4 ?**(*


Innate Abilities, Weirdness & Mutations

You cannot wear most types of armour.
You are very stealthy in the water. (Stealth+)
You are amphibious.
You can wear up to eight rings at the same time.
You can use your tentacles to constrict eight enemies at once.
Your skin changes colour to match your surroundings (Stealth+).
Your rubbery body absorbs attacks. (AC +1, EV +1)


Message History

The ogre shouts!
You block the quokka skeleton's attack.
You hit the quokka skeleton.
You destroy the quokka skeleton!
Okawaru accepts your kill.
You slash the shadow imp!
You kill the shadow imp!
Okawaru accepts your kill.
You slash the ogre!
The ogre is moderately wounded.
The ogre hits you with a +0 giant spiked club!!
Ouch! That really hurt!
You are too injured to fight recklessly!
You are too injured to fight recklessly!
You are too injured to fight recklessly!
There is an open door here.
There is a stone staircase leading up here.
The ogre hits you with a +0 giant spiked club!!
Ouch! That really hurt!
You die...

#.########.######..>....##..
#........#........#.#.#.##.#
########.##########.#.#.##.#
#.# #.#.#....# #.#
#.#.###### #.# #.#.......
#######
###'##########.########
......#####...........##.# #
..........'....O@.....+..# #
......#####...........#### #
........# #...........# #
.......)# #...........# #
........# #...........# #
........# #...........# #
........# #...........#
........# #...........#
........# #...........#


You could see an ogre.

Vanquished Creatures
  A phantom (D:4)
  2 ogres (D:4)
  2 scorpions (D:4)
  Jessica (D:3)
  4 worker ants (D:4)
  6 adders
  A shadow imp (D:5)
  A worm (D:2)
  2 dart slugs (D:1)
  4 leopard geckos
  9 orcs
  7 giant cockroaches
  12 goblins
  6 hobgoblins
  6 jackals
  A quokka (D:3)
  A ball python (D:3)
  10 bats
  7 frilled lizards
  5 kobolds
  A quokka skeleton (D:5)
  A quokka zombie (D:5)
  9 rats
99 creatures vanquished.

Notes
Turn   | Place    | Note
-------+----------+-------------------------------------------
     0 | D:1      | Zeld the Octopode Fighter began the quest for the Orb.
     0 | D:1      | Reached XP level 1. HP: 16/16 MP: 1/1
    78 | D:1      | Reached XP level 2. HP: 17/21 MP: 2/2
   327 | D:1      | Found a glowing golden altar of the Shining One.
   568 | D:1      | Reached XP level 3. HP: 26/26 MP: 3/3
   869 | D:2      | Found a faded altar of an unknown god.
  1135 | D:2      | Reached XP level 4. HP: 21/33 MP: 4/4
  2047 | D:3      | Reached skill level 1 in Throwing
  2047 | D:3      | Reached skill level 1 in Spellcasting
  2246 | D:3      | Found a sparkling altar of Nemelex Xobeh.
  2284 | D:3      | Reached XP level 5. HP: 37/37 MP: 5/7
  2331 | D:3      | Noticed Jessica
  2340 | D:3      | Killed Jessica
  2879 | D:4      | Found a shimmering blue altar of Sif Muna.
  2879 | D:4      | Found a shadowy altar of Dithmenos.
  2922 | D:4      | Noticed Ijyb
  3142 | D:4      | Found an iron altar of Okawaru.
  3165 | D:4      | Became a worshipper of Warmaster Okawaru
  3220 | D:4      | Reached XP level 6. HP: 29/43 MP: 9/9
  3416 | D:4      | Found Cenaerin's Assorted Antiques.
  3426 | D:4      | Bought a scroll labelled TEESME OTUPSOSCH for 23 gold
                  | pieces
  3426 | D:4      | Bought a golden potion for 20 gold pieces
  3426 | D:4      | Bought a scroll labelled KYAFEGG NUSTEI for 23 gold pieces
  3426 | D:4      | Bought a scroll labelled EBISHRA MACYO for 23 gold pieces
  3426 | D:4      | Bought 2 fuming emerald potions for 41 gold pieces
  3691 | D:4      | Found Paebryzo's General Store.
  3699 | D:4      | Bought a scroll of fear for 38 gold pieces
  3729 | D:4      | Noticed a phantom
  3743 | D:4      | Found Xeono's Assorted Antiques.
  3764 | D:4      | Killed a phantom
  4101 | D:4      | Found Nisovow's Magic Scroll Shop.
  4209 | D:4      | Reached XP level 7. HP: 36/47 MP: 12/12
  4411 | D:4      | Reached * piety under Okawaru
  4691 | D:4      | Found Juakepho's Antique Weapon Boutique.
  4808 | D:4      | Bought a scroll of identify for 26 gold pieces
  4857 | D:5      | Entered Level 5 of the Dungeon
  5325 | D:5      | Slain by an ogre

Illustrated notes

Levels and vault maps discovered:
D:1:      saegor_arrival_simple_b, layout_basic, grunt_decor_cap, minivault_27,
          tso_altar
D:2:      layout_loops_cross, chequers_ecumenical_altar_simple,
          ebering_dispersal_statue_hall
D:3:      layout_rooms, nemelex_xobeh_ov_fountains_minmay, skrybe_limestone_x,
          kennysheep_jessica_study
D:4:      minmay_diamond_boxcup, layout_rooms, grunt_temple_overflow_open,
          okawaru_gym_becter, serial_shops, nicolae_shop_waterfront,
          kennysheep_mini, nicolae_shop_statue_plus, shop, shop, uniq_ijyb
D:5:      layout_basic, zin_statuary, bh_walls_and_bars

Skill      XL: |  1  2  3  4  5  6  7 |
---------------+----------------------+-----
Throwing       | 1 2 3 4 |  4.7
Spellcasting   | 1 2 3 4 |  4.2
Fighting       | |  3.7
Axes           | |  2.8
Dodging        | |  3.0
Shields        | |  3.6

Action                   |  1- 3 |  4- 6 |  7- 9 || total
-------------------------+-------+-------+-------++-------
Melee: War axe           |    60 |   102 |    21 ||   183
       Constrict         |    21 |    30 |     2 ||    53
       Tentacles         |    10 |    20 |     3 ||    33
Throw: Boomerang         |       |     9 |     4 ||    13
       Dart              |       |     5 |     4 ||     9
  Use: Potion            |       |     1 |       ||     1
       Scroll            |       |       |    11 ||    11
 Stab: Sleeping          |     5 |     5 |     3 ||    13
Armor: Skin              |     5 |    11 |       ||    16
Dodge: Dodged            |    24 |    66 |     4 ||    94
Block: Kite shield       |    25 |    42 |    10 ||    77
